 Dungeon Crawl Stone Soup version 0.27.1-33-g824d729ab1 (webtiles) character file.

Game seed: 15504526323724457177

18 McKennaii the Poker (level 2, -1/24 HPs)
             Began as a Demigod Warper on Dec 3, 2021.
             Slain by an adder (2 damage)
             ... on level 1 of the Dungeon.
             The game lasted 00:01:38 (1049 turns).

McKennaii the Poker (Demigod Warper)                Turns: 1049, Time: 00:01:39

Health: -1/24      AC:  3    Str: 12    XL:     2   Next: 33%
Magic:  7/7        EV: 11    Int: 15    God:
Gold:   63         SH:  0    Dex: 13    Spells: 4/4 levels left

rFire    . . .     SeeInvis .   a - +0 spear
rCold    . . .     Faith    .   (no shield)
rNeg     . . .     Spirit   .   b - +0 leather armour
rPois    .         Reflect  .   (no helmet)
rElec    .         Harm     .   (no cloak)
rCorr    .         Rampage  .   (no gloves)
Will     .....                  (no boots)
Stlth    +.........             (no amulet)
HPRegen  0.08/turn              (no ring)
MPRegen  0.10/turn              (no ring)

@: no status effects
A: high mp 1, forlorn
a: no special abilities


You were on level 1 of the Dungeon.
You visited 1 branch of the dungeon, and saw 2 of its levels.

You collected 63 gold pieces.

Inventory:

Hand Weapons
 a - a +0 spear (weapon)
Missiles
 d - 5 boomerangs of dispersal (quivered)
Armour
 b - a +0 leather armour (worn)
Magical Staves
 g - a staff of fire
Scrolls
 c - a scroll of blinking
 f - a scroll of silence


   Skills:
 - Level 1.7 Fighting
 + Level 2.9 Polearms
 - Level 0.8 Throwing
 - Level 0.8 Armour
 - Level 1.7 Dodging
 - Level 1.7 Spellcasting
 - Level 2.6 Translocations


You had 4 spell levels left.
You didn't know any spells.
Your spell library contained the following spells:

 Spells                   Type           Power      Damage    Failure   Level
 Blink                    Tloc           N/A        N/A       14%         2
 Magic Dart               Conj           4%         1d3       28%         1
 Gell's Gravitas          Tloc           4%         N/A       28%         3
 Lesser Beckoning         Tloc           4%         N/A       28%         3
 Teleport Other           Tloc           9%         N/A       28%         3
 Call Imp                 Summ           1%         N/A       41%         2
 Mephitic Cloud           Conj/Pois/Air  1%         N/A       65%         3
 Manifold Assault         Tloc           9%         N/A       95%         5


Dungeon Overview and Level Annotations

Branches:
Dungeon (2/15)


Innate Abilities, Weirdness & Mutations

Your attributes grow dramatically as you level up.
You have an increased reservoir of magic. (+10% MP)
You shall have no god before yourself.


Message History

Unknown command.
The bat hits you.
The frilled lizard bites you but does no damage.
The adder barely misses you.
There is a stone staircase leading up here.
The bat closely misses you. The adder bites you but does no damage.
The frilled lizard closely misses you.
You climb upwards.
There is a stone staircase leading down here.
The bat closely misses you. The adder closely misses you. The bat hits you.
The bat hits you.
* * * LOW HITPOINT WARNING * * *
Reach: a) +0 spear
Press: ? - help, Dir - move target, f - adder
Aim: an adder (about 58% to evade your +0 spear)
You reach to attack!
You closely miss the adder. The bat misses you.
Reach: a) +0 spear
Press: ? - help, Dir - move target, f/p - adder
Aim: an adder (about 58% to evade your +0 spear)
The bat is in the way.
You hit the bat.
You kill the bat!
The adder bites you.
* * * LOW HITPOINT WARNING * * *
You hit the adder.
The adder is moderately wounded.
The adder bites you.
* * * LOW HITPOINT WARNING * * *
Unknown command.
You aren't carrying any potions.
As you read the scroll labelled EFIYMI WASESTRAM, it crumbles to dust.
It is a scroll of identify.
f - a scroll of silence The adder closely misses you.
You hit the adder.
The adder is heavily wounded.
The adder bites you.
* * * LOW HITPOINT WARNING * * *
The adder bites you.
You die...

#.# #.##### ###.....#
#.....#.# ##.###.#.#
#....#.#.#########
#..#.............#
.......#######.#.# #.#.####
#.#@# ..#.#### #.#S#
#.#....#######.#l#######
#.............>........####
#..............#..........#
##.##########...######.##.#
#.# ##...# ##...#.# #.#
##....####..#...# ##.#
####.###......###..#


You could see an adder and a frilled lizard.

Vanquished Creatures
  An endoplasm (D:1)
  A giant cockroach (D:2)
  4 goblins (D:1)
  A hobgoblin (D:1)
  2 jackals (D:1)
  2 ball pythons
  3 bats
  2 kobolds (D:1)
16 creatures vanquished.

Notes
Turn   | Place    | Note
-------+----------+-------------------------------------------
     0 | D:1      | McKennaii the Demigod Warper began the quest for the Orb.
     0 | D:1      | Reached XP level 1. HP: 17/17 MP: 5/5
   409 | D:1      | Reached XP level 2. HP: 17/24 MP: 7/7
  1049 | D:1      | HP: 1/24 [adder (1)]
  1049 | D:1      | Slain by an adder

Illustrated notes

Levels and vault maps discovered:
D:1:      dpeg_arrival_brainrot, layout_loops_ring, minivault_23
D:2:      minmay_diamond_boxcup, layout_loops_ring, kennysheep_generic_room_9

Skill      XL: |  1 |
---------------+----+-----
Polearms       | 2 |  2.9
Fighting       | |  1.7
Throwing       | |  0.8
Armour         | |  0.8
Dodging        | |  1.7
Spellcasting   | |  1.7
Translocations | |  2.6

Action                   || total
-------------------------++-------
Melee: Spear             ||    69
  Use: Scroll            ||     1
Armor: Leather armour    ||    24
Dodge: Dodged            ||    39
